 Dungeon Sprint DCSS version 0.27-a0-1525-g1038ab4fd7 (webtiles) character file.

Game seed: 7015217474318042449

88364 mhtbhm the Gargoyle Catastrophe (level 15, -26/105 HPs)
             Began as a Gargoyle Fighter on July 10, 2021.
             Was an Elder of Qazlal.
             Killed from afar by Hisem the pandemonium lord (48 damage)
             ... with a bolt of dispelling energy
             ... in the Dungeon (Sprint VII: "The Pits").
             The game lasted 00:16:55 (5302 turns).

mhtbhm the Gargoyle Catastrophe (Gargoyle Fighter)  Turns: 5302, Time: 00:16:56

Health: -26/105    AC: 39    Str: 27    XL:     15   Next: 93%
Magic:  9/31       EV:  7    Int: 12    God:    Qazlal [****..]
Gold:   37         SH: 31    Dex: 10    Spells: 14/14 levels left

rFire    + + .     SeeInvis +   a - +6 morningstar "Garr" {vorpal, +Rage rElec}
rCold    + . .     Faith    .   c - +1 tower shield
rNeg     + + +     Spirit   .   b - +2 gold dragon scales
rPois    ∞         Reflect  .   r - +1 helmet
rElec    +         Harm     .   (no cloak)
rCorr    .         Rampage  .   (no gloves)
Will     +....     NoTele   +   F - +0 pair of boots "Toqotoz" {*Corrode rElec rF+ rN++}
Stlth    ..........             (no amulet)
HPRegen  0.27/turn              A - ring "Mosozxips" {Wiz rElec Str+2 Int+2 SInv}
MPRegen  0.22/turn              o - +3 ring of dexterity

@: on berserk cooldown, flying, repel missiles
A: sickness immunity, AC +11, big wings, negative energy resistance 1,
electricity resistance, torment resistance 1, petrification resistance, clumsy 1
a: Renounce Religion, Evoke Berserk Rage, Upheaval, Elemental Force


You were in the Dungeon.
You worshipped Qazlal.
Qazlal was greatly pleased with you.
You visited 1 branch You collected 37 gold pieces.

Inventory:

Hand Weapons
 a - the +6 morningstar "Garr" (weapon) {vorpal, +Rage rElec}
   (You found it in the Dungeon)

   It inflicts extra damage upon your enemies.
   rElec:     It insulates you from electricity.
   +Rage:     It lets you go berserk.
 q - a +2 morningstar of holy wrath
Missiles
 y - 3 javelins (quivered)
Armour
 b - +2 gold dragon scales (worn)
 c - a +1 tower shield (worn)
 n - a +1 pair of boots
 r - a +1 helmet (worn)
 F - the +0 pair of boots "Toqotoz" (worn) {*Corrode rElec rF+ rN++}
   (You found it in the Dungeon)

   rF:        It protects you from fire.
   rElec:     It insulates you from electricity.
   rN:        It greatly protects you from negative energy.
   *Corrode:  It may corrode you when you take damage.
 G - a +1 cloak
Jewellery
 o - a +3 ring of dexterity (right hand)
 w - a ring of fire
 x - a ring of ice
 A - the ring "Mosozxips" (left hand) {Wiz rElec Str+2 Int+2 SInv}
   (You found it in the Dungeon)

   [ring of wizardry]

   It improves your spell success rate.
   Str:       It affects your strength (+2).
   Int:       It affects your intelligence (+2).
   rElec:     It insulates you from electricity.
   SInv:      It lets you see invisible.
 B - a ring of protection from fire
Scrolls
 k - 5 scrolls of amnesia
 l - a scroll of summoning
 s - 6 scrolls of enchant armour
 u - 3 scrolls of enchant weapon
 v - 2 scrolls of fear
Potions
 e - 4 potions of curing
 f - a potion of invisibility
 i - 3 potions of berserk rage
 p - 5 potions of brilliance
 t - a potion of resistance
 z - a potion of lignification
Miscellaneous
 C - a piece from Xom's chessboard (15/15)
 D - a lightning rod (4/4)
 E - a condenser vane (inert)


   Skills:
 + Level 16.6 Fighting
 + Level 16.8 Maces & Flails
 + Level 0.2 Throwing
 + Level 17.3 Armour
 + Level 4.1 Dodging
 + Level 12.8 Stealth
 + Level 23.4 Shields
 * Level 25.7 Invocations
 + Level 3.3 Evocations


You had 14 spell levels left.
You didn't know any spells.
Your spell library contained the following spells:

 Spells                   Type           Power      Damage    Failure   Level
 Sandblast                Erth           0%         2d4       92%         1
 Passwall                 Tmut/Erth      0%         N/A       98%         2
 Frozen Ramparts          Ice            0%         1d2       100%        3
 Gell's Gravitas          Tloc           0%         N/A       100%        3
 Ignite Poison            Fire/Tmut/Pois 0%         N/A       100%        3
 Inner Flame              Hex/Fire       0%         N/A       100%        3
 Lesser Beckoning         Tloc           0%         N/A       100%        3
 Spider Form              Tmut/Pois      0%         N/A       100%        3
 Teleport Other           Tloc           0%         N/A       100%        3
 Ice Form                 Ice/Tmut       0%         N/A       100%        4
 Summon Ice Beast         Ice/Summ       0%         N/A       100%        4
 Blade Hands              Tmut           0%         N/A       100%        5
 Lee's Rapid Deconstruct  Erth           0%         3d5*      100%        5


Dungeon Overview and Level Annotations

Branches:
Dungeon (1/1)

Altars:
Ashenzari
Cheibriados
Dithmenos
Elyvilon
Fedhas
Gozag
Hepliaklqana
Kikubaaqudgha
Makhleb
Nemelex Xobeh
Okawaru
Qazlal
Ru
Sif Muna
Trog
Uskayaw
Vehumet
Wu Jian
Xom
Yredelemnul
Zin
The Shining One
Beogh
Jiyva
Lugonu


Innate Abilities, Weirdness & Mutations

You are immune to sickness and miasma.
Your stone body is resilient. (AC +11)
You are immune to poison.
Your large and strong wings let you fly.
You resist negative energy. (rN+)
You are resistant to electric shocks. (rElec)
You are resistant to unholy torment.
You are immune to petrification.
You are clumsy. (Dex -2)


Message History

Your fire elemental barely misses Hisem.
Hisem sneers, "Give in, thou tasty snack!"
Hisem gestures at you.
You barely resist.
Unknown command.
You completely miss Hisem.
Hisem is almost dead.
You feel less protected from physical attacks.
Your fire elemental misses Hisem.
Hisem blinks!
Unknown command.
Unknown command.
Unknown command.
Hisem sneers, "I shall devour thy faith!"
Hisem gestures.
Your fire elemental hits the chaos spawn.
Your fire elemental burns the chaos spawn!
Unknown command.
Your fire elemental disappears in a puff of smoke!
Your fire elemental barely misses the chaos spawn.
Hisem gestures at you.
The bolt of dispelling energy hits the chaos spawn!!
The bolt of dispelling energy hits your fire elemental!!!
Your fire elemental is destroyed!
The bolt of dispelling energy misses your fire elemental.
The bolt of dispelling energy hits you!!
* * * LOW HITPOINT WARNING * * *
Your fire elemental barely misses Hisem.
Unknown command.
You feel better.
Your fire elemental completely misses Hisem.
Unknown command.
You feel better. Hisem misses your fire elemental.
Your fire elemental completely misses Hisem.
Unknown command.
Your fire elemental completely misses Hisem.
Hisem gestures at you.
The bolt of dispelling energy hits your fire elemental!!
Your fire elemental is destroyed!
The bolt of dispelling energy hits you!!!
You die...

#[#
#4#
#&#
#.#
#.#
#.#
##.##
#[..#
+.@.#
##)##
#)#
#.#
#.#
#.#
#.#
#.#
#.#


You could see Hisem and a chaos spawn (summoned, unaware).

Vanquished Creatures
  the Royal Jelly (D)
  An ancient lich (D)
  A bone dragon (D)
  An Ice Fiend (D)
  2 pandemonium lords (D)
  2 titans (D)
  A death cob (D)
  Gastronok (D)
  2 shadow dragons (D)
  A storm dragon (D)
  4 azure jellies (D)
  3 rockslimes (D)
  A draconian knight (D)
  2 orc warlords (D)
  A stone giant (D)
  4 quicksilver oozes (D)
  2 white draconians (D)
  A blizzard demon (D)
  2 yaktaur captains (D)
  A vault guard (D)
  Harold (D)
  4 naga warriors (D)
  An anaconda (D)
  2 boulder beetles (D)
  2 catoblepae (D)
  A rakshasa (D)
  2 ogre magi (D)
  A death knight (D)
  9 two-headed ogres (D)
  A death yak (D)
  Urug (D)
  2 hell knights (D)
  2 deep elf knights (D)
  A shadow wraith (D)
  A fire crab (D)
  2 sixfirhies (D)
  A spriggan druid (D)
  A swamp dragon (D)
  A lindwurm (D)
  2 necromancers (D)
  A phantasmal warrior (D)
  7 orc knights (D)
  A wolf spider (D)
  2 cyclopes (D)
  A merfolk siren (D)
  A black mamba (D)
  A rust devil (D)
  A smoke demon (D)
  A gargoyle (D)
  An orange demon (D)
  An unseen horror (D)
  A kobold demonologist (D)
  A rime drake (D)
  An efreet (D)
  A guardian mummy (D)
  A yaktaur (D)
  2 hellwings (D)
  A red devil (D)
  A troll (D)
  2 hornets (D)
  4 dream sheep (D)
  A snapping turtle (D)
  A redback (D)
  2 air elementals (D)
  3 spriggans (D)
  A vampire (D)
  A ynoxinul (D)
  A hog (D)
  A basilisk (D)
  2 neqoxecs (D)
  3 steam dragons (D)
  Edmund (D)
  2 wargs (D)
  A water moccasin (D)
  A floating eye (D)
  A hell hound (D)
  An orc warrior (D)
  A swamp drake (D)
  2 ogres (D)
  2 wolves (D)
  An earth elemental (D)
  A scorpion (D)
  5 wights (D)
  3 crimson imps (D)
  3 orc priests (D)
  A gnoll shaman (D)
  5 orc wizards (D)
  5 gnolls (D)
  2 adders (D)
  A white imp (D)
  An adder zombie (D)
  7 orcs (D)
  A bat (D)
  A bat skeleton (D)
  An endoplasm (D)
  A giant cockroach (D)
  A goblin (D)
  A hobgoblin (D)
  2 jackals (D)
  A ball python (D)
  2 frilled lizards (D)
  2 kobolds (D)
  A quokka zombie (D)
182 creatures vanquished.

Vanquished Creatures (collateral kills)
  An orc warlord (D)
  A boulder beetle (D)
  2 orc knights (D)
  An eye of devastation (D)
  A wyvern (D)
  A neqoxec (D)
  A steam dragon (D)
8 creatures vanquished.

Vanquished Creatures (others)
  An orc (D)
  12 ball lightnings (D)
13 creatures vanquished.

Grand Total: 203 creatures vanquished

Notes
Turn   | Place    | Note
-------+----------+-------------------------------------------
     0 | D        | mhtbhm the Gargoyle Fighter began the quest for the Orb.
     0 | D        | Reached XP level 1. HP: 14/14 MP: 1/1
    13 | D        | Noticed a scorpion
    22 | D        | Killed a scorpion
    23 | D        | Reached skill level 5 in Fighting
    23 | D        | Reached skill level 5 in Armour
    23 | D        | Reached skill level 5 in Shields
    23 | D        | Reached XP level 2. HP: 13/21 MP: 2/2
    23 | D        | Reached XP level 3. HP: 16/26 MP: 3/3
    23 | D        | Reached XP level 4. HP: 20/31 MP: 4/4
    27 | D        | Found a bloodstained altar of Trog.
    27 | D        | Found a shimmering blue altar of Sif Muna.
    27 | D        | Found a viscous altar of Jiyva.
    27 | D        | Found a hazy altar of Hepliaklqana.
    27 | D        | Found an opulent altar of Gozag.
    28 | D        | Found a glowing golden altar of the Shining One.
    28 | D        | Found a glowing silver altar of Zin.
    28 | D        | Found a basalt altar of Yredelemnul.
    28 | D        | Found a shimmering altar of Xom.
    28 | D        | Found an ornate altar of the Wu Jian Council.
    28 | D        | Found a sacrificial altar of Ru.
    28 | D        | Found a stormy altar of Qazlal.
    28 | D        | Found an iron altar of Okawaru.
    28 | D        | Found a sparkling altar of Nemelex Xobeh.
    28 | D        | Found a burning altar of Makhleb.
    28 | D        | Found a blossoming altar of Fedhas.
    28 | D        | Found a white marble altar of Elyvilon.
    28 | D        | Found a shadowy altar of Dithmenos.
    28 | D        | Found a snail-covered altar of Cheibriados.
    31 | D        | Found a corrupted altar of Lugonu.
    31 | D        | Found a radiant altar of Vehumet.
    32 | D        | Found an ancient bone altar of Kikubaaqudgha.
    32 | D        | Found a hide-covered altar of Uskayaw.
    32 | D        | Found a broken altar of Ashenzari.
    35 | D        | Became a worshipper of Qazlal Stormbringer
   153 | D        | Reached * piety under Qazlal
   178 | D        | Noticed a floating eye
   179 | D        | Paralysed by a floating eye for 4 turns
   189 | D        | Killed a floating eye
   189 | D        | Reached ** piety under Qazlal
   190 | D        | Reached XP level 5. HP: 36/38 MP: 5/5
   272 | D        | Reached *** piety under Qazlal
   280 | D        | Reached skill level 5 in Maces & Flails
   280 | D        | Reached XP level 6. HP: 44/44 MP: 6/6
   305 | D        | Reached **** piety under Qazlal
   327 | D        | Reached ***** piety under Qazlal
   328 | D        | Reached XP level 7. HP: 37/50 MP: 7/7
   582 | D        | Noticed a gargoyle
   582 | D        | Noticed a spriggan
   589 | D        | Killed a spriggan
   590 | D        | Reached skill level 1 in Dodging
   590 | D        | Reached skill level 10 in Shields
   590 | D        | Reached ****** piety under Qazlal
   594 | D        | Killed a gargoyle
   595 | D        | Reached skill level 10 in Maces & Flails
   595 | D        | Reached XP level 8. HP: 56/56 MP: 8/8
   737 | D        | Killed an unseen horror
   906 | D        | Noticed a black mamba
   909 | D        | Noticed a smoke demon
   910 | D        | Killed a black mamba
   911 | D        | Reached skill level 10 in Armour
   911 | D        | Reached skill level 2 in Invocations
   911 | D        | Reached XP level 9. HP: 62/62 MP: 8/10
   923 | D        | Killed a smoke demon
   924 | D        | Reached skill level 10 in Fighting
   924 | D        | Reached skill level 3 in Invocations
   986 | D        | Noticed a cyclops
   994 | D        | Killed a cyclops
   995 | D        | Reached skill level 4 in Invocations
  1112 | D        | Reached skill level 5 in Invocations
  1116 | D        | Noticed an orange demon
  1119 | D        | Noticed a boulder beetle
  1122 | D        | Killed an orange demon
  1139 | D        | Reached skill level 6 in Invocations
  1148 | D        | Killed a boulder beetle
  1149 | D        | Reached skill level 1 in Stealth
  1149 | D        | Reached XP level 10. HP: 39/68 MP: 7/15
  1314 | D        | Noticed Harold
  1314 | D        | Noticed a phantasmal warrior
  1319 | D        | Reached skill level 7 in Invocations
  1329 | D        | Gained mutation: You are clumsy. (Dex -2) [a neqoxec]
  1345 | D        | Killed Harold
  1346 | D        | Reached skill level 8 in Invocations
  1364 | D        | Killed a phantasmal warrior
  1457 | D        | Noticed Edmund
  1459 | D        | Noticed a boulder beetle
  1468 | D        | Killed Edmund
  1469 | D        | Reached XP level 11. HP: 69/75 MP: 17/17
  1493 | D        | Noticed a lindwurm
  1499 | D        | Noticed a death yak
  1502 | D        | Reached skill level 9 in Invocations
  1503 | D        | Killed a shadow wraith
  1509 | D        | Noticed a cyclops
  1512 | D        | Noticed a death cob
  1517 | D        | Reached skill level 15 in Shields
  1517 | D        | Killed a lindwurm
  1523 | D        | Killed a boulder beetle
  1523 | D        | Killed a death yak
  1524 | D        | Reached skill level 11 in Invocations
  1529 | D        | Killed a death cob
  1530 | D        | Reached skill level 12 in Invocations
  1534 | D        | Killed a cyclops
  1926 | D        | Got the Almanac of Mutagenic Heat
  2002 | D        | Noticed a two-headed ogre
  2006 | D        | Noticed Urug
  2016 | D        | Killed a two-headed ogre
  2017 | D        | Reached skill level 13 in Invocations
  2021 | D        | Killed Urug
  2022 | D        | Reached XP level 12. HP: 59/81 MP: 20/22
  2266 | D        | Reached skill level 14 in Invocations
  2387 | D        | Noticed a stone giant
  2387 | D        | Noticed a hell knight
  2388 | D        | Noticed a death knight
  2388 | D        | Noticed a hell knight
  2389 | D        | Killed a hell knight
  2389 | D        | Killed a death knight
  2389 | D        | Killed a hell knight
  2389 | D        | Killed a stone giant
  2390 | D        | Reached skill level 15 in Invocations
  2392 | D        | Got the ring "Mosozxips" {Wiz rElec Str+2 Int+2 SInv}
  2554 | D        | Noticed a catoblepas
  2554 | D        | Noticed a boulder beetle
  2561 | D        | Noticed a white draconian
  2579 | D        | Killed a catoblepas
  2581 | D        | Noticed a two-headed ogre
  2596 | D        | Killed a two-headed ogre
  2596 | D        | Noticed a two-headed ogre
  2597 | D        | Killed a two-headed ogre
  2597 | D        | Killed a boulder beetle
  2598 | D        | Reached XP level 13. HP: 71/88 MP: 9/24
  2621 | D        | Reached skill level 16 in Invocations
  2626 | D        | Noticed a rakshasa
  2636 | D        | Killed a white draconian
  2646 | D        | Reached skill level 5 in Stealth
  2676 | D        | Reached skill level 15 in Maces & Flails
  2702 | D        | Killed a rakshasa
  2708 | D        | Reached skill level 10 in Stealth
  2710 | D        | Noticed Gastronok
  2716 | D        | Identified the +7 hunting sling "Betwek" {freeze, rElec
                  | Dex+3}
  2716 | D        | Identified the +1 ring mail "Aruajaj" {rElec Will+ MP+9}
  2746 | D        | Killed Gastronok
  2747 | D        | Reached skill level 17 in Invocations
  3218 | D        | Noticed an orc warlord
  3218 | D        | Noticed an orc warlord
  3226 | D        | Killed an orc warlord
  3227 | D        | Reached skill level 18 in Invocations
  3227 | D        | Gained mutation: Your large and strong wings let you fly.
                  | [Gargoyle growth]
  3227 | D        | Reached XP level 14. HP: 96/96 MP: 18/27
  3241 | D        | Killed an orc warlord
  3255 | D        | Reached skill level 19 in Invocations
  3258 | D        | Noticed a white draconian knight
  3268 | D        | Reached skill level 15 in Fighting
  3268 | D        | Reached skill level 15 in Armour
  3284 | D        | Killed a white draconian knight
  3334 | D        | Noticed a white draconian
  3358 | D        | Killed a white draconian
  3359 | D        | Reached skill level 20 in Invocations
  3665 | D        | Got the +0 pair of boots "Toqotoz" {*Corrode rElec rF+
                  | rN++}
  3832 | D        | Got the +6 morningstar "Garr" {vorpal, +Rage rElec}
  3891 | D        | Noticed a titan
  3902 | D        | Killed a titan
  4000 | D        | Noticed Yplunulo the pandemonium lord
  4047 | D        | Killed Yplunulo the pandemonium lord
  4223 | D        | Noticed a titan
  4234 | D        | Killed a titan
  4475 | D        | Noticed a shadow dragon
  4487 | D        | Killed a shadow dragon
  4488 | D        | Reached skill level 1 in Evocations
  4490 | D        | Noticed Kiggimod the pandemonium lord
  4497 | D        | Noticed a rockslime
  4503 | D        | Killed a rockslime
  4523 | D        | Killed Kiggimod the pandemonium lord
  4524 | D        | Reached skill level 21 in Invocations
  4524 | D        | Reached XP level 15. HP: 29/104 MP: 22/29
  4869 | D        | Noticed a bone dragon
  4869 | D        | Noticed the Royal Jelly
  4869 | D        | Noticed an orc warlord
  4870 | D        | Noticed a rockslime
  4870 | D        | Noticed an azure jelly
  4870 | D        | Noticed a rockslime
  4871 | D        | Reached skill level 22 in Invocations
  4871 | D        | Killed an azure jelly
  4871 | D        | Killed the Royal Jelly
  4871 | D        | Killed a rockslime
  4871 | D        | Killed an orc warlord
  4871 | D        | Killed a rockslime
  4871 | D        | Noticed an azure jelly
  4871 | D        | Noticed an azure jelly
  4871 | D        | Noticed an azure jelly
  4872 | D        | Reached skill level 23 in Invocations
  4872 | D        | Killed an azure jelly
  4872 | D        | Killed an azure jelly
  4872 | D        | Killed an azure jelly
  4872 | D        | Killed a bone dragon
  4873 | D        | Reached skill level 24 in Invocations
  4988 | D        | Noticed an ancient lich
  5003 | D        | Killed an ancient lich
  5004 | D        | Reached skill level 25 in Invocations
  5092 | D        | Noticed a shadow dragon
  5111 | D        | Killed a shadow dragon
  5133 | D        | Noticed an Ice Fiend
  5143 | D        | Killed an Ice Fiend
  5225 | D        | Noticed a storm dragon
  5236 | D        | Killed a storm dragon
  5245 | D        | Noticed Hisem the pandemonium lord
  5262 | D        | Paralysed by Hisem for 5 turns
  5302 | D        | Killed from afar by Hisem the pandemonium lord

Illustrated notes

Levels and vault maps discovered:
D:        pitsprint [storerooms_1, entrance_room_1, metal_vault_6, armoury_2,
          mini_pit_1, grid_room_1, main_hall_1, silver_pit, the_coven_1,
          the_vestibule_1, steel_vault_3, golden_pit, hallway_of_sentries,
          crystal_vault_4, iron_vault_2, final_vault]

Skill      XL: |  1  2  3  4  5  6  7  8  9 10 11 12 13 14 15 |
---------------+----------------------------------------------+-----
Fighting       | 5 7 8 9 10 11 12 13 14 15 16 | 16.6
Maces & Flails | 3 4 5 7 10 11 13 14 15 16 | 16.8
Armour         | 5 7 8 9 10 11 12 14 16 17 | 17.3
Shields        | 5 6 7 8 10 11 12 14 16 18 20 22 23 | 23.4
Dodging        | 1 2 3 4 |  4.1
Invocations    | 2 6 8 13 15 18 21 25 | 25.7
Stealth        | 1 3 11 12 | 12.8
Evocations     | 1 3 |  3.3
Throwing       | |  0.2

Action                   |  1- 3 |  4- 6 |  7- 9 | 10-12 | 13-15 || total
-------------------------+-------+-------+-------+-------+-------++-------
Melee: Flail             |     7 |       |       |       |       ||     7
       Mace              |       |    90 |   103 |   234 |   272 ||   699
       Morningstar       |       |       |       |       |   162 ||   162
Throw: Javelin           |       |       |       |       |     2 ||     2
Invok: Elemental Force   |       |       |     1 |       |     4 ||     5
       Disaster Area     |       |       |       |    10 |    20 ||    30
       Upheaval          |       |       |       |     1 |       ||     1
 Abil: Evoke Berserk Rag |       |       |       |       |     3 ||     3
Evoke: Condenser vane    |       |       |       |       |     3 ||     3
  Use: Potion            |     1 |       |       |     7 |    25 ||    33
       Scroll            |       |       |       |       |     3 ||     3
 Stab: Paralysed         |       |       |     2 |       |     4 ||     6
       Petrified         |       |       |       |       |    27 ||    27
       Invisible         |       |       |       |       |     3 ||     3
Armor: Scale mail        |     2 |    15 |       |       |       ||    17
       Plate armour      |       |    22 |    65 |   101 |    53 ||   241
       Gold dragon scale |       |       |       |       |    31 ||    31
Dodge: Dodged            |     3 |    13 |    12 |    39 |    42 ||   109
       Repelled          |       |       |       |     1 |     4 ||     5
Block: Kite shield       |     4 |    52 |    94 |   253 |   150 ||   553
       Tower shield      |       |       |       |       |   112 ||   112

Table legend: (Time is in decaauts)
 A = Elapsed time spent in this place.
 B = Non-inter-level travel time spent in this place.
 C = Inter-level travel time spent in this place.
 D = Time resting spent in this place.
 E = Time spent auto-exploring this place.
 F = Levels seen in this place.
 G = Mean time per level.
                   A        B        C        D        E       F      G
               +--------+--------+--------+--------+--------+-----+--------+
         Total |   5162 |   5162 |      0 |   3029 |     85 |   1 | 5162.0 |
       Dungeon |   5162 |   5162 |      0 |   3029 |     85 |   1 | 5162.0 |
               +--------+--------+--------+--------+--------+-----+--------+

Top non-repeatable levels by time:
       D: 5162 daAuts
